 Dungeon Crawl Stone Soup version 0.30-a0-878-gc727b3d3d6 (webtiles) character file.

Game seed: 2413348838674395242

8615 IndexError the Arsonist (level 11, 0/69 HPs)
             Began as a Gargoyle Fire Elementalist on Mar 12, 2023.
             Was an Initiate of Gozag.
             Killed by the air
             ... invoked by Gastronok
              (27 damage)
             ... on level 1 of the Lair of Beasts.
             The game lasted 00:30:16 (12878 turns).

IndexError the Arsonist (GrFE)                     Turns: 12878, Time: 00:30:17

Health: 0/69       AC: 14    Str: 12    XL:     11   Next: 33%
Magic:  17/24      EV: 16    Int: 20    God:    Gozag
Gold:   1158       SH:  0    Dex: 10    Spells: 12/28 levels left

rFire   . . .      SeeInvis .    o - +2 dagger (flame)
rCold   . . .      Faith    .    (no shield)
rNeg    + . .      Spirit   .    z - +0 leather armour
rPois   ∞          Reflect  .    A - +0 helmet
rElec   +          Rampage  .    (no cloak)
rCorr   .                        h - +0 pair of gloves
Will    .....                    u - +0 pair of boots
Stlth   ++                       t - amulet of regeneration {+regen, !d}
HPRegen 1.11/turn                c - ring of wizardry {Wiz+, !d}
MPRegen 0.19/turn                C - +5 ring of evasion

@: no status effects
A: sickness immunity, AC +8, negative energy resistance 1, electricity
resistance, torment resistance 1, petrification resistance
a: Renounce Religion, Potion Petition, Call Merchant, Bribe Branch


You were on level 1 of the Lair of Beasts.
You worshipped Gozag.
Gozag was most pleased with you.
You visited 4 branches of the dungeon, and saw 13 of its levels.
You also visited: Sewer.

You collected 1226 gold pieces.
You paid 68 gold pieces to Gozag.

Inventory:

Hand Weapons
 o - a +2 dagger of flaming (weapon)
   (You took it off Jessica on level 2 of the Dungeon)
 x - a +0 shortbow
   (You took it off a centaur on level 5 of the Dungeon)
Missiles
 g - a throwing net {=f, !d}
 v - 10 curare-tipped darts
 E - 3 boomerangs of dispersal {=f}
Armour
 h - a +0 pair of gloves (worn)
   (You found it on level 2 of the Dungeon)
 u - a +0 pair of boots (worn)
   (You found it on level 6 of the Dungeon)
 z - a +0 leather armour (worn)
   (You took it off Eustachio on level 6 of the Dungeon)
 A - a +0 helmet (worn)
   (You found it on level 6 of the Dungeon)
 I - a +2 helmet
   (You found it on level 9 of the Dungeon)
 N - a +2 hat
   (You found it on level 10 of the Dungeon)
Jewellery
 c - a ring of wizardry (left hand) {Wiz+, !d}
   (You found it on level 2 of the Dungeon)
 t - an amulet of regeneration (around neck) {+regen, !d}
   (You found it on level 5 of the Dungeon)
 C - a +5 ring of evasion (right hand)
   (You found it on level 5 of the Dungeon)
 D - a ring of see invisible {sInv, !d}
   (You found it on level 5 of the Dungeon)
 G - a ring of ice {rC+, rF-}
   (You found it on level 7 of the Dungeon)
 L - a ring of fire {rF+, rC-}
   (You found it on level 9 of the Dungeon)
Wands
 i - a wand of quicksilver (9)
   (You found it on level 2 of the Dungeon)
 n - a wand of roots (8)
   (You took it off Jessica on level 2 of the Dungeon)
 w - a wand of flame (62)
   (You took it off a centaur on level 5 of the Dungeon)
 H - a wand of polymorph (12)
   (You took it off a centaur on level 9 of the Dungeon)
Scrolls
 d - 3 scrolls of fog
 j - 2 scrolls of vulnerability {!r!r}
 y - a scroll of silence
 J - 2 scrolls of amnesia
Potions
 a - a potion of ambrosia {unknown}
 b - 3 potions of magic
 e - 2 potions of might
 f - 7 potions of heal wounds {unknown}
 k - 3 potions of attraction {unknown}
 l - 5 potions of haste {unknown}
 m - a potion of flight
 p - 2 potions of invisibility
 q - 8 potions of curing {unknown}
 r - a potion of resistance {unknown}
 s - 2 potions of cancellation {unknown}
 B - a potion of brilliance {unknown}
 F - a potion of lignification {!q}


   Skills:
 + Level 8.5 Fighting
 - Level 1.5 Dodging
 - Level 2.1 Stealth
 - Level 9.0 Spellcasting
 + Level 3.1 Conjurations
 - Level 4.1 Summonings
 - Level 10.1 Fire Magic
 - Level 5.0 Ice Magic


You had 12 spell levels left.
You knew the following spells:

 Your Spells              Type           Power      Damage    Failure   Level
a - Foxfire               Conj/Fire      100%       2x1d9     1%          1
b - Scorch                Fire           98%        2d10      1%          2
c - Kindle Blastsparks    Fire/Tloc/Air  44%        2d13      3%          3
d - Call Canine Familiar  Summ           25%        N/A       2%          3
e - Flame Wave            Conj/Fire      35%        2d10      2%          4
f - Frozen Ramparts       Ice            58%        1d9       1%          3

Your spell library contained the following spells:

 Spells                   Type           Power      Damage    Failure   Level
 Magic Dart               Conj           84%        1d7       1%          1
 Summon Small Mammal      Summ           100%       N/A       1%          1
 Call Imp                 Summ           25%        N/A       1%          2
 Inner Flame              Hex/Fire       29%        N/A       1%          3
 Summon Guardian Golem    Hex/Summ       17%        N/A       4%          3
 Summon Ice Beast         Ice/Summ       27%        N/A       6%          4
 Mephitic Cloud           Conj/Pois/Air  13%        N/A       8%          3
 Ice Form                 Ice/Tmut       19%        N/A       14%         4
 Cause Fear               Hex            4%         N/A       34%         4
 Spellforged Servitor     Conj/Summ      11%        N/A       99%         7
 Orb of Destruction       Conj           10%        9d6       100%        7
 Discord                  Hex            4%         N/A       100%        8


Dungeon Overview and Level Annotations

Branches:
Dungeon (10/15)            Temple (1/1) D:6            Lair (1/5) D:8
    Orc (1/2) D:9           Sewer (visited)

Altars:
Ashenzari
Cheibriados
Dithmenos
Elyvilon
Fedhas
Gozag
Hepliaklqana
Kikubaaqudgha
Makhleb
Nemelex Xobeh
Okawaru
Qazlal
Ru
Sif Muna
Trog
Uskayaw
Vehumet
Wu Jian
Xom
Yredelemnul
Zin
The Shining One

Annotations:
Lair:1 Gastronok


Innate Abilities, Weirdness & Mutations

You are immune to sickness and miasma.
Your stone body is resilient. (AC +8)
You are immune to poison.
You resist negative energy. (rN+)
You are resistant to electric shocks. (rElec)
You are resistant to unholy torment.
You are immune to petrification.


Message History

The foxfire hits the elephant but does no damage.
The elephant tramples you but does no damage.
The elephant misses you.
You now have 14/24 mp.
Casting: Foxfire (safe; 1% risk of failure)
Press: ? - help, Q - select action, (/) - cycle Dir - look around, f - activate You conjure some foxfire!
The foxfire hits the elephant.
The elephant tramples you!
You hold your ground!
The elephant trunk-slaps you but does no damage.
You take 7 damage, and have 40/69 hp.
You now have 13/24 mp.
Casting: Foxfire (safe; 1% risk of failure)
Press: ? - help, Q - select action, (/) - cycle Dir - look around, f - activate You conjure some foxfire!
The foxfire hits the elephant.
The foxfire hits the elephant but does no damage.
The elephant tramples you but does no damage.
The elephant misses you. The elephant barely misses you.
The elephant trunk-slaps you.
You take 2 damage, and have 38/69 hp.
You now have 12/24 mp.
Casting: Foxfire (safe; 1% risk of failure)
Press: ? - help, Q - select action, (/) - cycle Dir - look around, f - activate You conjure some foxfire!
The foxfire hits the elephant.
The foxfire hits the elephant but does no damage.
The elephant tramples you.
You hold your ground!
The elephant trunk-slaps you but does no damage.
The elephant closely misses you. The elephant misses you. x2
The elephant trunk-slaps you but does no damage.
The elephant barely misses you. x2
You take 4 damage, and have 34/69 hp.
You now have 11/24 mp.
The elephant attacks as you move away! The elephant closely misses you.
The elephant misses you.
The foxfire hits the elephant but does no damage.
The elephant barely misses you. The elephant closely misses you.
A yak comes into view.
The elephant attacks as you move away! The elephant completely misses you.
The elephant trunk-slaps you but does no damage.
The elephant tramples you!
You hold your ground!
The elephant barely misses you.
You take 8 damage, and have 28/69 hp.
You regained 2 hp, and now have 31/69 hp.
The elephant attacks as you move away! The elephant misses you.
The elephant closely misses you.
There is a staircase back to the Dungeon here.
The elephant tramples you!
You stumble backwards!
You stop ascending the stairs.
You take 7 damage, and have 28/69 hp.
The elephant attacks as you move away!
The elephant tramples you but does no damage.
The elephant misses you.
Gastronok gurgles horribly!
The elephant misses you.
The elephant trunk-slaps you but does no damage.
The elephant attacks as you move away! The elephant barely misses you.
The elephant closely misses you. The elephant misses you.
The elephant trunk-slaps you but does no damage.
The elephant attacks as you move away!
The elephant tramples you but does no damage.
The elephant closely misses you.
You regained 2 hp, and now have 33/69 hp.
Gastronok casts a spell.
Gastronok puts on a burst of speed!
The elephant attacks as you move away! The elephant completely misses you.
The elephant closely misses you. The yak gores you but does no damage.
The elephant closely misses you.
The elephant trunk-slaps you but does no damage.
The yak completely misses you. The elephant attacks as you move away!
The elephant tramples you! The elephant trunk-slaps you.
A yak comes into view.
The yak gores you.
You take 14 damage, and have 23/69 hp.
MASSIVE DAMAGE!!
The elephant tramples you!
* * * LOW HITPOINT WARNING * * *
You stumble backwards!
A yak comes into view.
You take 7 damage, and have 16/69 hp.
You regained 2 hp, and now have 20/69 hp.
The elephant attacks as you move away! The elephant misses you.
The elephant trunk-slaps you but does no damage.
The elephant attacks as you move away!
The elephant tramples you but does no damage.
The elephant misses you.
The elephant tramples you but does no damage.
The elephant closely misses you.
You regained 2 hp, and now have 22/69 hp.
As you read the scroll of butterflies, it crumbles to dust.
You hear the flapping of tiny wings.
The elephant is knocked back by the sudden gust. x2
Something tramples your butterfly!
Your butterfly is shoved backwards!
Your butterfly disappears in a burst of colours!
You swap places.
The elephant closely misses your butterfly. x2
The elephant tramples your butterfly!
Your butterfly holds its ground!
Your butterfly disappears in a burst of colours!
You swap places.
Gastronok waves his eye-stalks in wide circles.
The air twists around and strikes you!!
You die...
Your body crumbles into a pile of gold.

................#
................#
...............# ####.
##....###.....##.....
.##.....bb#b..b##......
.......b.b.bbbbb.......
####...#.b.bbbb........
#P....#.b.b...........
###...##..@b<...........
#..bb...Y#..............
##....##Y###w..##.......
#P.....YY#.#...###w.....
........YY.............#
.......................#
........................
........................
.................[......


You could see Gastronok (swift) and an elephant (ally target).

Vanquished Creatures
  Erica (D:8)
  2 two-headed ogres
  Joseph (D:9)
  2 kobold demonologists (D:10)
  A komodo dragon (Lair:1)
  2 hornets (D:7)
  3 yaks (D:8)
  2 wyverns
  Eustachio (D:6)
  Grum (D:9)
  A steam dragon (D:7)
  A water moccasin (D:5)
  An ice beast (D:5)
  2 black bears
  An orc warrior (D:10)
  3 centaurs
  3 ogres
  2 wolves (D:9)
  3 phantoms
  3 bullfrogs (D:9)
  A gnoll sergeant (D:10)
  8 kobold brigands
  2 scorpions
  9 wights
  13 killer bees (D:9)
  An electric eel (D:7)
  4 howler monkeys
  A centaur zombie (D:4)
  A hound (D:5)
  2 jellies
  An orc priest (D:8)
  Jessica (D:2)
  An iguana (D:4)
  A sleepcap (D:4)
  5 orc wizards
  2 hound skeletons (D:4)
  5 gnolls (D:10)
  A howler monkey skeleton (D:4)
  2 river rats (Sewer)
  14 adders
  A shadow imp (D:8)
  A white imp (D:7)
  2 ufetubi
  An adder zombie (D:4)
  2 dart slugs (D:4)
  26 orcs
  7 endoplasms
  4 giant cockroaches
  12 goblins
  9 hobgoblins
  3 quokkas
  10 ball pythons
  11 bats
  5 frilled lizards
  35 kobolds
  A quokka zombie (D:4)
  29 rats
270 creatures vanquished.

Vanquished Creatures (others)
  1095 foxfires
  A fungus (Lair:1)
1096 creatures vanquished.

Grand Total: 1366 creatures vanquished

Notes
Turn   | Place    | Note
-------+----------+-------------------------------------------
     0 | D:1      | IndexError the Gargoyle Fire Elementalist began the quest
                  | for the Orb.
     0 | D:1      | Reached XP level 1. HP: 10/10 MP: 3/3
   251 | D:1      | Reached XP level 2. HP: 15/15 MP: 0/5
   899 | D:2      | Reached XP level 3. HP: 19/19 MP: 3/6
   903 | D:2      | Learned a level 2 spell: Scorch
   907 | D:2      | Learned a level 3 spell: Kindle Blastsparks
  1393 | D:2      | Reached skill level 3 in Spellcasting
  1516 | D:2      | Noticed Jessica
  1521 | D:2      | Killed Jessica
  1522 | D:2      | Reached skill level 4 in Fire Magic
  1522 | D:2      | Reached XP level 4. HP: 24/24 MP: 2/8
  2917 | D:4      | Reached XP level 5. HP: 28/28 MP: 8/10
  3135 | D:4      | Noticed a phantom
  3147 | D:4      | Killed a phantom
  3148 | D:4      | Reached skill level 4 in Spellcasting
  3148 | D:4      | Reached skill level 5 in Fire Magic
  3278 | D:4      | Reached XP level 6. HP: 31/32 MP: 6/12
  3496 | D:4      | Found an iron altar of Okawaru.
  4168 | D:5      | Entered Level 5 of the Dungeon
  4177 | D:5      | Noticed a water moccasin
  4180 | D:5      | Reached skill level 5 in Spellcasting
  4180 | D:5      | Reached XP level 7. HP: 36/36 MP: 5/14
  4186 | D:5      | Reached skill level 6 in Fire Magic
  4473 | D:5      | Reached skill level 6 in Spellcasting
  4473 | D:5      | Reached XP level 8. HP: 27/41 MP: 7/17
  4560 | D:5      | Reached skill level 7 in Fire Magic
  4594 | D:5      | Found a glowing drain.
  4603 | Sewer    | Entered a sewer
  5849 | D:5      | Learned a level 3 spell: Call Canine Familiar
  5854 | D:5      | Learned a level 4 spell: Flame Wave
  5898 | D:5      | Reached skill level 7 in Spellcasting
  5960 | D:5      | Reached skill level 8 in Fire Magic
  6374 | D:6      | Reached XP level 9. HP: 45/45 MP: 0/20
  6498 | D:6      | Found a broken altar of Ashenzari.
  6570 | D:6      | Found a staircase to the Ecumenical Temple.
  6579 | Temple   | Entered the Ecumenical Temple
  6813 | Temple   | Became a worshipper of Gozag Ym Sagoz the Greedy
  7089 | D:6      | Found a hazy altar of Hepliaklqana.
  7089 | D:6      | Found a radiant altar of Vehumet.
  7154 | D:6      | Found a shimmering blue altar of Sif Muna.
  7169 | D:6      | Noticed Eustachio
  7174 | D:6      | Killed Eustachio
  7293 | D:6      | Reached skill level 8 in Spellcasting
  7293 | D:6      | Reached skill level 9 in Fire Magic
  7794 | D:7      | Noticed a hornet
  8007 | D:7      | Noticed a hornet
  8017 | D:7      | HP: 8/45 [hornet (13)]
  8019 | D:7      | Killed a hornet
  8213 | D:7      | Noticed a two-headed ogre
  8224 | D:7      | Killed a two-headed ogre
  8225 | D:7      | Reached skill level 9 in Spellcasting
  8225 | D:7      | Reached skill level 10 in Fire Magic
  8576 | D:7      | Killed a hornet
  8577 | D:7      | Reached skill level 2 in Fighting
  8577 | D:7      | Reached skill level 1 in Summonings
  8577 | D:7      | Reached XP level 10. HP: 53/53 MP: 17/23
  9169 | D:8      | Reached skill level 2 in Summonings
  9406 | D:8      | Noticed a two-headed ogre
  9496 | D:8      | Reached skill level 3 in Fighting
  9507 | D:8      | Reached skill level 3 in Summonings
  9630 | D:8      | Found a staircase to the Lair.
  9658 | D:8      | Found Ahuadus's Magic Scroll Shoppe.
  9753 | D:8      | Reached skill level 4 in Fighting
  9852 | D:8      | Noticed Erica
  9860 | D:8      | Killed Erica
  9861 | D:8      | Reached skill level 5 in Fighting
  9861 | D:8      | Reached skill level 4 in Summonings
  9927 | D:8      | Learned a level 3 spell: Frozen Ramparts
 10278 | D:8      | Killed a two-headed ogre
 10279 | D:8      | Reached skill level 2 in Ice Magic
 10524 | D:9      | Reached skill level 6 in Fighting
 10544 | D:9      | Reached skill level 3 in Ice Magic
 10688 | D:9      | Found an ancient bone altar of Kikubaaqudgha.
 10763 | D:9      | Found a staircase to the Orcish Mines.
 10917 | D:9      | Noticed Joseph
 10935 | D:9      | Reached skill level 4 in Ice Magic
 10942 | D:9      | Killed Joseph
 10943 | D:9      | Reached skill level 7 in Fighting
 10943 | D:9      | Reached XP level 11. HP: 48/67 MP: 4/24
 11056 | D:9      | Noticed Grum
 11072 | D:9      | Killed Grum
 11188 | D:9      | Reached skill level 5 in Ice Magic
 11692 | D:10     | Entered Level 10 of the Dungeon
 11817 | D:10     | Reached skill level 8 in Fighting
 12263 | D:10     | Reached skill level 2 in Conjurations
 12506 | D:10     | Noticed a tengu warrior
 12624 | Orc:1    | Entered Level 1 of the Orcish Mines
 12624 | Orc:1    | Noticed an orc knight
 12624 | Orc:1    | Noticed an orc sorcerer
 12750 | Lair:1   | Entered Level 1 of the Lair of Beasts
 12784 | Lair:1   | Reached skill level 3 in Conjurations
 12828 | Lair:1   | Noticed Gastronok
 12868 | Lair:1   | HP: 16/69 [elephant (8)]
 12878 | Lair:1   | Killed from afar by Gastronok

Illustrated notes

Levels and vault maps discovered:
D:1:      tarquinn_simple_flora_water_a, layout_rooms
D:2:      layout_rooms, uniq_jessica
D:3:      layout_basic, kennysheep_generic_room_5
D:4:      layout_rooms, old_standard_altar, serial_undead, serial_undead_f,
          serial_undead_a, serial_undead_f, serial_undead_d, kennysheep_diamond
D:5:      layout_rooms, gup_sewer_entry_glass
D:6:      layout_basic, nicolae_sif_muna_condensation,
          gammafunk_temple_overflow_pools, evilmike_ruin_ashenzari,
          temple_fountains, uniq_eustachio
D:7:      layout_loops_ring, serial_aquarium, aquarium_bridge_square
          [aquarium_subvault_wall, aquarium_subvault_bridge,
          aquarium_subvault_window, aquarium_subvault_balcony],
          aquarium_window_fake, aquarium_window_corridor_2, aquarium_window_2,
          aquarium_window_1, aquarium_view_2b, aquarium_balcony_1b,
          aquarium_pool_2, minmay_crystal_water
D:8:      layout_basic, lair_entry_dummy, solitary_fountain,
          minmay_shop_grid_forest, uniq_erica
D:9:      layout_basic, mainiacjoe_overflow_small_starburst, orc_0_dummy,
          uniq_joseph, uniq_grum
D:10:     layout_stronghold, uniq_nergalle
Temple:   nicolae_temple_slightly_damp_pantheon
Lair:1:   layout_gridlike, uniq_gastronok
Orc:1:    layout_diamond_mine, uniq_josephine, uniq_urug

Skill      XL: |  1  2  3  4  5  6  7  8  9 10 11 |
---------------+----------------------------------+-----
Spellcasting   | 3 4 5 6 7 9 |  9.0
Fire Magic     | 4 5 6 8 10 | 10.1
Fighting       | 2 7 8 |  8.5
Summonings     | 1 4 |  4.1
Ice Magic      | 4 5 |  5.0
Conjurations   | 3 |  3.1
Dodging        | |  1.5
Stealth        | |  2.1

Action                     |  1- 3 |  4- 6 |  7- 9 | 10-12 || total
---------------------------+-------+-------+-------+-------++-------
  Melee: Dagger            |     7 |    20 |    14 |    30 ||    71
         Punch             |       |     1 |       |       ||     1
   Cast: Foxfire           |    78 |   121 |   246 |   185 ||   630
         Scorch            |       |     7 |    17 |     8 ||    32
         Flame Wave        |       |       |     3 |    13 ||    16
         Kindle Blastspark |       |       |     3 |       ||     3
         Call Canine Famil |       |       |     2 |       ||     2
         Frozen Ramparts   |       |       |       |    10 ||    10
    Use: Scroll            |       |     6 |     5 |    11 ||    22
 Armour: Robe              |     2 |    18 |    41 |     4 ||    65
         Leather armour    |       |       |       |    39 ||    39
  Dodge: Dodged            |     6 |    19 |    65 |   123 ||   213

Table legend: (Time is in decaauts)
 A = Elapsed time spent in this place.
 B = Non-inter-level travel time spent in this place.
 C = Inter-level travel time spent in this place.
 D = Time resting spent in this place.
 E = Time spent auto-exploring this place.
 F = Levels seen in this place.
 G = Mean time per level.
                   A        B        C        D        E       F      G
               +--------+--------+--------+--------+--------+-----+--------+
         Total |  12891 |  11861 |   1030 |     42 |  10064 |  14 |  920.8 |
       Dungeon |  11377 |  10401 |    976 |     42 |   8870 |  10 | 1137.7 |
        Temple |    253 |    205 |     48 |      0 |    187 |   1 |  253.0 |
          Lair |    127 |    121 |      6 |      0 |     56 |   1 |  127.0 |
  Orcish Mines |      4 |      4 |      0 |      0 |      0 |   1 |    4.0 |
         Sewer |   1127 |   1127 |      0 |      0 |    951 |   1 | 1127.0 |
               +--------+--------+--------+--------+--------+-----+--------+

Top non-repeatable levels by time:
     D:7: 1594 daAuts
     D:9: 1349 daAuts
     D:6: 1283 daAuts
     D:4: 1274 daAuts
     D:8: 1164 daAuts
   Sewer: 1127 daAuts
     D:2: 1120 daAuts
     D:3: 981 daAuts
    D:10: 888 daAuts
     D:5: 870 daAuts
     D:1: 851 daAuts
  Temple: 253 daAuts
  Lair:1: 127 daAuts
   Orc:1: 4 daAuts

Table legend:
 A = Kills in this place as a percentage of kills in the entire game.
 B = Kills by you in this place as a percentage of kills by you in the entire game.
 C = Kills by friends in this place as a percentage of kills by friends in the entire game.
 D = Other kills in this place as a percentage of other kills in the entire game.
 E = Experience gained in this place as a percentage of experience gained in the entire game.
 F = Experience gained in this place divided by the number of levels of this place that you have seen.
                   A       B       C       D       E      F
               +-------+-------+-------+-------+-------+----------------------
         Total | 100.0 | 100.0 |   N/A |   N/A | 100.0 | 879.1
       Dungeon |  78.5 |  78.5 |   N/A |   N/A |  93.5 | 1150.7
          Lair |   0.4 |   0.4 |   N/A |   N/A |   3.0 | 372.0
  Orcish Mines |   0.7 |   0.7 |   N/A |   N/A |   0.0 |   6.0
         Sewer |  20.4 |  20.4 |   N/A |   N/A |   3.4 | 423.0
               +-------+-------+-------+-------+-------+----------------------
